 Seeded DCSS version 0.32-a0-22-g6ae6769602 (webtiles) character file.

Game seed: 5615006070201722594 (custom seed)

16932 voltaire321 the Spear-Bearer (level 12, -3/84 HPs)
             Began as a Merfolk Gladiator on Jan 18, 2024.
             Was a Priest of Hepliaklqana.
             Slain by a seven-headed hydra (11 damage)
             ... on level 2 of the Lair of Beasts.
             The game lasted 00:35:46 (11774 turns).

voltaire321 the Spear-Bearer (Merfolk Gladiator)   Turns: 11774, Time: 00:35:46

Health: -3/84      AC: 13    Str: 16    XL:     12   Next: 42%
Magic:  28/28      EV: 18    Int: 12    God:    Hepliaklqana [***...]
Gold:   600        SH:  5    Dex: 16    Spells: 13/21 levels left

rFire   + . .        n - +5 spear of the Pharaoh's Fist {flame, MP+9 Str+2}
rCold   . . .        (no shield)
rNeg    + . .        r - +2 robe {rF+}
rPois   .            l - +2 helmet
rElec   .            j - scarf {repulsion}
rCorr   .            L - +0 pair of gloves
SInv    .            Q - +0 pair of boots
Will    .....        S - amulet of reflection
Stlth   +            k - ring of positive energy
HPRegen 0.34/turn    i - +4 ring of protection
MPRegen 0.21/turn

%: repel missiles, reflection
@: no status effects
A: reduced essence, (nimble swimmer 2), mertail
a: Renounce Religion, Recall Ancestor, Ancestor Identity, Transference


You were on level 2 of the Lair of Beasts.
You worshipped Hepliaklqana.
Hepliaklqana was most pleased with you.
You visited 3 branches of the dungeon, and saw 13 of its levels.
You also visited: Ossuary.

You collected 636 gold pieces.
You spent 36 gold pieces at shops.

Inventory:

Hand Weapons
 a - a +0 trident
 n - the +5 spear of the Pharaoh's Fist (weapon) {flame, MP+9 Str+2}
   (You found it on level 3 of the Dungeon)

   Str+2:     It affects your strength (+2).
   MP+9:      It affects your magic capacity (+9).
Missiles
 d - 3 throwing nets
 e - a javelin
 s - 28 poisoned darts
 u - 7 boomerangs (quivered)
 w - 3 curare-tipped darts
Armour
 c - a +0 leather armour of cold resistance
 j - a scarf of repulsion (worn)
 l - a +2 helmet (worn)
 r - a +2 robe of fire resistance (worn)
 L - a +0 pair of gloves (worn)
 Q - a +0 pair of boots (worn)
 Y - a +0 scale mail of poison resistance
 Z - the +0 leather armour of Purpose {rPois rC- Str+3 SInv}
   (You found it on level 1 of the Lair of Beasts)

   Str+3:     It affects your strength (+3).
   rC-:       It makes you vulnerable to cold.
   rPois:     It protects you from poison SInv: It lets you see invisible.
Jewellery
 i - a +4 ring of protection (right hand)
 k - a ring of positive energy (left hand)
 S - an amulet of reflection (around neck)
Wands
 o - a wand of iceblast (15)
 q - a wand of paralysis (3)
 y - a wand of quicksilver (8)
 N - a wand of polymorph (4)
 O - a wand of digging (6)
 W - a wand of flame (9)
Scrolls
 f - 4 scrolls of teleportation
 g - a scroll of fear
 h - a scroll of silence {unknown}
 m - 3 scrolls of fog
 p - 3 scrolls of butterflies {unknown}
 v - 3 scrolls of blinking {unknown}
 C - 3 scrolls of poison {unknown}
 D - 4 scrolls of enchant weapon {unknown}
 F - a scroll of torment {unknown}
 H - 3 scrolls of revelation
 I - a scroll of immolation {unknown}
 J - 3 scrolls of amnesia {unknown}
 R - 2 scrolls of identify
 U - a scroll of enchant armour {unknown}
Potions
 b - 2 potions of haste
 t - a potion of ambrosia {unknown}
 x - 3 potions of enlightenment
 z - a potion of might
 A - a potion of heal wounds
 B - a potion of cancellation
 E - 2 potions of lignification
 G - a potion of brilliance
 K - 3 potions of curing {unknown}
 M - 2 potions of resistance {unknown}
 P - a potion of attraction {unknown}
 T - 2 potions of magic
 V - a potion of berserk rage {unknown}
 X - a potion of mutation {unknown}


   Skills:
 + Level 8.9 Fighting
 + Level 11.0 Polearms
 - Level 6.0 Throwing
 + Level 3.2 Armour
 + Level 10.9 Dodging
 - Level 5.0 Spellcasting
 + Level 6.1 Summonings
 + Level 3.6 Translocations
 + Level 8.2 Alchemy
 + Level 6.5 Invocations


You had 13 spell levels left.
You knew the following spells:

 Your Spells              Type           Power      Damage    Failure   Level
a - Call Imp              Summ           34%        N/A       2%          2
b - Olgreb's Toxic Radia  Alch           22%        N/A       7%          4
c - Blink                 Tloc           22%        N/A       7%          2

Your spell library contained the following spells:

 Spells                   Type           Power      Damage    Failure   Level
 Sting                    Conj/Alch      48%        1d6       3%          1
 Mercury Vapours          Alch/Air       24%        N/A       5%          2
 Magic Dart               Conj           12%        1d3       21%         1
 Manifold Assault         Tloc           11%        N/A       41%         4
 Fugue of the Fallen      Necr           3%         N/A       52%         3
 Ozocubu's Armour         Ice            3%         N/A       52%         3


Dungeon Overview and Level Annotations

Branches:
Dungeon (10/15)            Temple (1/1) D:4            Lair (2/5) D:10
Ossuary (visited)
  Swamp: Lair:2-3    Shoals: Lair:2-3     Snake: Lair:2-3    Spider: Lair:2-3
    Orc: D:9-12

Altars:
Ashenzari
Cheibriados
Dithmenos
Elyvilon
Fedhas
Gozag
Hepliaklqana
Kikubaaqudgha
Makhleb
Nemelex Xobeh
Okawaru
Qazlal
Ru
Sif Muna
Trog
Uskayaw
Vehumet
Wu Jian
Xom
Yredelemnul
Zin
The Shining One

Shops:
D:2 (?   D:4 *

Annotations:
D:6 3 runed translucent doors, zenocrate's ghost, novice VSEn


Innate Abilities, Weirdness & Mutations

Your life essence is reduced to manifest your ancestor. (-10% HP)
((You are very nimble when in or above water. (Stealth+, EV+, Speed+++)))
Your lower body shifts to a powerful aquatic tail in water.


Message History

Your cerulean imp hits the seven-headed hydra from afar with a -3 spear.
Throw: 7 boomerangs
Press: ? - help, Q - select action, (/) - cycle Shift-Dir - straight line, f/p - seven-headed hydra
Aim: a seven-headed hydra (lightly wounded, ally target, 81% to hit)
You throw a boomerang.
The boomerang hits the seven-headed hydra!
The seven-headed hydra is moderately wounded.
Your cerulean imp hits the seven-headed hydra with a -3 spear.
Nenetl hits the seven-headed hydra with a +0 dagger of draining.
Nenetl drains the seven-headed hydra.
Throw: 7 boomerangs
Press: ? - help, Q - select action, (/) - cycle Shift-Dir - straight line, f/p - seven-headed hydra
Aim: a seven-headed hydra (water, heavily wounded, not watching you, lightly drained, ally target, 81% to hit)
You throw a boomerang.
The boomerang hits the seven-headed hydra!
The seven-headed hydra is severely wounded.
Your cerulean imp hits the seven-headed hydra from afar with a -3 spear.
The seven-headed hydra closely misses you.
The seven-headed hydra misses you. The seven-headed hydra bites you!
* * * LOW HITPOINT WARNING * * *
The seven-headed hydra closely misses you.
The seven-headed hydra misses you. The seven-headed hydra bites you!
* * * LOW HITPOINT WARNING * * *
The seven-headed hydra bites you but does no damage.
You hit the seven-headed hydra. You burn the seven-headed hydra.
The seven-headed hydra is almost dead.
Your cerulean imp hits the seven-headed hydra from afar with a -3 spear.
Nenetl barely misses the seven-headed hydra.
You puncture the seven-headed hydra! You burn the seven-headed hydra.
The seven-headed hydra is almost dead.
The seven-headed hydra bites you.
* * * LOW HITPOINT WARNING * * *
You block the seven-headed hydra's attack.
The seven-headed hydra bites you but does no damage.
The seven-headed hydra barely misses you.
The seven-headed hydra completely misses you.
The seven-headed hydra bites you.
* * * LOW HITPOINT WARNING * * *
The seven-headed hydra bites you!
You die...

.......### .....#
.........##.....#
.......~.~......#
......~~~~≈~~~...
......~~≈≈≈5~....
.....~†≈~≈~≈≈~...
.....~~~~.DR≈≈...
....~~≈≈†@.≈≈~...
.....~≈≈~.~≈≈~~#.
.....~≈≈~≈~≈≈~~..
......~≈≈≈≈≈~~...
......~~~~~~~..##
....##........##
.. #.. ...#
#.P......#
...##.. ..#
#.......#.
.S.#... .#
#........ .⌠..#..


You could see the friendly Nenetl the hexer, a seven-headed hydra (drained, ally
target) and a friendly cerulean imp (summoned).

Vanquished Creatures
  3 two-headed ogres
  Pikel (D:4)
  A torpor snail (Lair:2)
  A cane toad (Lair:1)
  A rime drake (D:10)
  A komodo dragon (Lair:1)
  Grinder (D:3)
  Prince Ribbit (D:5)
  A polar bear (D:10)
  2 dream sheep (Lair:1)
  A wyvern (D:6)
  Eustachio (D:4)
  25 yaks
  Menkaure (D:6)
  2 steam dragons
  Edmund (D:4)
  2 water moccasins
  2 orc warriors (D:9)
  3 ice beasts
  4 centaurs
  A phantom (D:5)
  4 lemures
  2 kobold brigands
  2 elf zombies (D:6)
  An elf skeleton (D:6)
  5 bullfrogs
  A scorpion (D:5)
  5 wights
  9 killer bees
  4 howler monkeys
  2 bombardier beetles
  Crazy Yiuf (D:3)
  2 hounds (D:5)
  A spectral scorpion (Ossuary)
  6 orc priests
  A human zombie (D:6)
  2 centaur skeletons (Ossuary)
  Ijyb (D:3)
  Natasha (D:2)
  5 human skeletons (D:6)
  A sleepcap (D:6)
  4 iguanas
  5 orc wizards
  Terence (D:2)
  A crocodile zombie (Ossuary)
  An ogre skeleton (Ossuary)
  7 mummies (Ossuary)
  Robin (D:2)
  7 adders
  6 shadow imps (D:7)
  A white imp (D:7)
  6 ufetubi
  4 dart slugs
  3 ribbon worms
  16 orcs
  8 ball pythons
  5 endoplasms
  2 giant cockroaches
  17 goblins
  6 hobgoblins
  15 kobolds
  2 quokkas
  10 bats
  2 frilled lizards (D:1)
  2 gnoll skeletons (Ossuary)
  5 orc skeletons
  7 rats
  10 spectral rats (Ossuary)
266 creatures vanquished.

Vanquished Creatures (collateral kills)
  A black mamba (Lair:1)
  2 cane toads (Lair:1)
  A gargoyle (D:10)
  A torpor snail (Lair:1)
  2 rime drakes (Lair:1)
  A komodo dragon (Lair:1)
  2 dream sheep (Lair:1)
  6 yaks
  A water moccasin (Lair:1)
  A sky beast (D:8)
  A black bear (D:8)
  An ice beast (D:10)
  2 wolves (D:10)
  A centaur (D:9)
  A kobold brigand (D:8)
  A wight (D:8)
  4 killer bees
  A howler monkey (D:10)
  An orc priest (D:8)
  3 orc wizards
  2 shadow imps (D:7)
  A white imp (D:7)
  An orc (D:8)
  2 kobolds (D:8)
40 creatures vanquished.

Vanquished Creatures (others)
  2 ancestors (D:7)
  4 hexers
6 creatures vanquished.

Grand Total: 312 creatures vanquished

Notes
Turn   | Place    | Note
-------+----------+-------------------------------------------
     0 | D:1      | voltaire321 the Merfolk Gladiator began the quest for the
                  | Orb.
     0 | D:1      | Reached XP level 1. HP: 16/16 MP: 1/1
     6 | D:1      | You fall into a shaft and drop 1 floor!
   134 | D:2      | Found Qeq Alao's Magic Scroll Emporium.
   191 | D:1      | Reached XP level 2. HP: 23/23 MP: 2/2
   437 | D:1      | Reached XP level 3. HP: 25/28 MP: 3/3
   882 | D:2      | Noticed Robin
   927 | D:2      | HP: 1/28 [goblin/+0 club[Robin] (3)]
  1163 | D:2      | Killed Robin
  1164 | D:2      | Reached XP level 4. HP: 25/34 MP: 4/4
  1238 | D:2      | Noticed Terence
  1272 | D:2      | Killed Terence
  1551 | D:2      | Reached skill level 5 in Polearms
  1551 | D:2      | Reached skill level 5 in Dodging
  1879 | D:2      | Found a faded altar of an unknown god.
  1971 | D:2      | Noticed Natasha
  1995 | D:2      | Killed Natasha
  1996 | D:2      | Reached XP level 5. HP: 33/41 MP: 5/5
  2257 | D:2      | Found Nays's Antique Weapon Shoppe.
  2320 | D:3      | Noticed Ijyb
  2322 | D:3      | Identified the +5 spear of the Pharaoh's Fist {flame, MP+9
                  | Str+2}
  2340 | D:3      | Killed Ijyb
  2348 | D:3      | Noticed Grinder
  2482 | D:3      | Killed Grinder
  2483 | D:3      | Reached skill level 6 in Polearms
  2483 | D:3      | Reached XP level 6. HP: 41/48 MP: 6/6
  2987 | D:3      | Found a runed translucent door.
  2988 | D:3      | Noticed Crazy Yiuf
  2999 | D:3      | Killed Crazy Yiuf
  3000 | D:3      | Reached XP level 7. HP: 55/55 MP: 7/7
  3133 | D:4      | Noticed Pikel
  3253 | D:4      | Killed Pikel
  3254 | D:4      | Reached skill level 5 in Fighting
  3254 | D:4      | Reached XP level 8. HP: 39/62 MP: 11/11
  3511 | D:4      | Learned a level 2 spell: Call Imp
  3516 | D:4      | Learned a level 4 spell: Olgreb's Toxic Radiance
  3517 | D:4      | Found Hyurucu's General Store.
  3530 | D:4      | Bought a scroll of teleportation for 36 gold pieces
  3635 | D:4      | Reached skill level 7 in Polearms
  3756 | D:4      | Found a staircase to the Ecumenical Temple.
  3771 | D:4      | Noticed Eustachio
  3794 | D:4      | Killed Eustachio
  3795 | D:4      | Reached skill level 1 in Alchemy
  3848 | D:4      | Noticed Edmund
  3878 | D:4      | Killed Edmund
  3879 | D:4      | Reached skill level 1 in Summonings
  4312 | Temple   | Entered the Ecumenical Temple
  4312 | Temple   | Noticed a tormentor
  4312 | Temple   | Noticed a sun demon
  4313 | Temple   | Noticed Angopape the pandemonium lord
  4313 | Temple   | Noticed Kip Emuj the pandemonium lord
  4313 | Temple   | Noticed a Tzitzimitl
  4314 | Temple   | Noticed a hellwing
  4332 | Temple   | Became a worshipper of Hepliaklqana the Forgotten
  4349 | Temple   | Noticed Vyodam the pandemonium lord
  4350 | Temple   | Noticed a blizzard demon
  4419 | D:5      | Entered Level 5 of the Dungeon
  4528 | D:5      | Reached skill level 5 in Throwing
  4528 | D:5      | Reached skill level 1 in Invocations
  4899 | D:5      | Reached XP level 9. HP: 66/69 MP: 13/13
  4973 | D:5      | Noticed Prince Ribbit
  4982 | D:5      | Killed Prince Ribbit
  5473 | D:6      | Found a sand-covered staircase.
  5478 | Ossuary  | Entered an ossuary
  5507 | Ossuary  | Reached skill level 8 in Polearms
  5934 | Ossuary  | Found a basalt altar of Yredelemnul.
  6188 | D:6      | Found a runed translucent gate.
  6188 | D:6      | Found a runed translucent gate.
  6188 | D:6      | Found a runed translucent gate.
  6188 | D:6      | Noticed zenocrate's ghost (novice VSEn)
  6368 | D:6      | Reached * piety under Hepliaklqana
  6672 | D:6      | Noticed Menkaure
  6679 | D:6      | Killed Menkaure
  6970 | D:6      | Reached XP level 10. HP: 35/69 MP: 15/15
  7780 | D:7      | Identified the +2 leather armour of the Last Hosts {Harm
                  | rElec rPois Str+3}
  7818 | D:7      | Reached skill level 5 in Alchemy
  7847 | D:7      | Reached skill level 9 in Polearms
  8240 | D:8      | Reached ** piety under Hepliaklqana
  8241 | D:8      | Remembered your ancestor Nenetl as a hexer
  8291 | D:8      | Found an opulent altar of Gozag.
  8473 | D:8      | Learned a level 2 spell: Blink
  9319 | D:9      | Reached skill level 1 in Translocations
  9564 | D:9      | Noticed a two-headed ogre
  9572 | D:9      | Killed a two-headed ogre
  9573 | D:9      | Reached skill level 1 in Armour
  9573 | D:9      | Reached XP level 11. HP: 75/75 MP: 18/18
  9715 | D:10     | Entered Level 10 of the Dungeon
  9931 | D:10     | Reached skill level 5 in Invocations
  9958 | D:10     | Reached skill level 5 in Spellcasting
  9978 | D:10     | Found a staircase to the Lair.
 10031 | D:10     | Reached *** piety under Hepliaklqana
 10156 | D:10     | Noticed a two-headed ogre
 10164 | D:10     | Killed a two-headed ogre
 10165 | D:10     | Reached skill level 5 in Summonings
 10222 | D:10     | Reached skill level 10 in Polearms
 10222 | D:10     | Reached skill level 10 in Dodging
 10497 | D:10     | Noticed a two-headed ogre
 10504 | D:10     | Killed a two-headed ogre
 10575 | Lair:1   | Entered Level 1 of the Lair of Beasts
 10867 | Lair:1   | Reached XP level 12. HP: 76/84 MP: 19/19
 11203 | Lair:1   | Identified the +6 great sword of Spontaneous Combustion
                  | {protect, ^Drain rN+ Will+ Dex+2}
 11629 | Lair:1   | Identified the +0 leather armour of Purpose {rPois rC-
                  | Str+3 SInv}
 11674 | Lair:2   | Noticed a seven-headed hydra
 11752 | Lair:2   | Reached skill level 11 in Polearms
 11774 | Lair:2   | Slain by a seven-headed hydra

Illustrated notes

Levels and vault maps discovered:
D:1:      heliophobic_arrival_battle_scene, layout_basic
D:2:      minmay_angry_zag, layout_basic, serial_shops, shop, shop,
          serial_rivers, chequers_serial_rivers_small_b,
          chequers_serial_rivers_micro_a, chequers_serial_rivers_micro_c,
          chequers_serial_rivers_small_a, chequers_serial_rivers_marsh,
          hellmonk_ecumenical_altar_leap_of_faith, uniq_robin, uniq_terence,
          uniq_natasha
D:3:      layout_basic, uniq_grinder, uniq_ijyb, uniq_crazy_yiuf_cottage
D:4:      layout_cave_pods, minmay_temple_entry_glass, serial_shops, shop,
          serial_park_tiny_2, uniq_pikel, uniq_eustachio, uniq_edmund
D:5:      layout_loops_ring, uniq_prince_ribbit1
D:6:      layout_loops_corners, ebering_ghost_rock_garden,
          nicolae_ossuary_entry_catacombs, hangedman_decor_slide_cut,
          uniq_menkaure
D:7:      layout_loops_ring, serial_demonic, serial_demonic_e, serial_demonic_f,
          serial_demonic_a, serial_demonic_c, serial_demonic_g,
          serial_demonic_g, serial_demonic_g
D:8:      layout_gridville, grunt_gozag_breadcrumbs
D:9:      layout_roguey
D:10:     layout_loops_ring, hellmonk_lair_entry_icy
Temple:   nicolae_temple_panitentiary
Lair:1:   layout_regular_city
Lair:2:   layout_cave_pods, grunt_megastairs_3, infiniplex_staircase_pool_2

Skill      XL: |  1  2  3  4  5  6  7  8  9 10 11 12 |
---------------+-------------------------------------+-----
Fighting       | 3 4 5 6 7 8 |  8.9
Polearms       | 5 6 7 8 9 10 11 | 11.0
Dodging        | 5 6 7 8 9 10 | 10.9
Throwing       | 3 4 5 6 |  6.0
Spellcasting   | 2 3 4 5 |  5.0
Alchemy        | 2 4 6 7 8 |  8.2
Summonings     | 2 3 4 5 6 |  6.1
Invocations    | 1 3 4 6 |  6.5
Translocations | 1 3 |  3.6
Armour         | 1 2 3 |  3.2

Action                     |  1- 3 |  4- 6 |  7- 9 | 10-12 || total
---------------------------+-------+-------+-------+-------++-------
  Melee: Trident           |   142 |    98 |       |       ||   240
         Spear             |       |    70 |   444 |   504 ||  1018
         Punch             |       |       |    10 |     4 ||    14
         Tailslap          |       |       |       |     4 ||     4
  Throw: Javelin           |       |     1 |       |       ||     1
         Boomerang         |       |       |    12 |    26 ||    38
         Dart              |       |       |     7 |       ||     7
   Cast: Call Imp          |       |       |       |     3 ||     3
         Olgreb's Toxic Ra |       |       |       |    14 ||    14
         Blink             |       |       |       |     1 ||     1
 Invoke: Ancestor Life: He |       |       |       |     1 ||     1
         Recall Ancestor   |       |       |       |     1 ||     1
  Evoke: Wand              |       |     1 |       |       ||     1
    Use: Potion            |       |     1 |       |       ||     1
         Scroll            |       |       |     3 |     8 ||    11
   Stab: Sleeping          |     1 |     2 |     5 |     1 ||     9
         Paralysed         |       |     7 |       |       ||     7
         Distracted        |       |       |     2 |     7 ||     9
         Confused          |       |       |       |    10 ||    10
 Armour: Leather armour    |    64 |    69 |    21 |       ||   154
         Robe              |       |       |    94 |   116 ||   210
  Dodge: Dodged            |    74 |    88 |   157 |   156 ||   475
         Repelled          |       |       |       |     2 ||     2
  Block: Other             |       |       |       |    35 ||    35
         Reflection        |       |       |       |     3 ||     3

Table legend: (Time is in decaauts)
 A = Elapsed time spent in this place.
 B = Non-inter-level travel time spent in this place.
 C = Inter-level travel time spent in this place.
 D = Time resting spent in this place.
 E = Time spent auto-exploring this place.
 F = Levels seen in this place.
 G = Mean time per level.
                   A        B        C        D        E       F      G
               +--------+--------+--------+--------+--------+-----+--------+
         Total |  11463 |  11057 |    406 |   1825 |   6224 |  14 |  818.8 |
       Dungeon |   9831 |   9467 |    364 |   1531 |   5519 |  10 |  983.1 |
        Temple |     39 |     39 |      0 |      0 |      0 |   1 |   39.0 |
          Lair |   1096 |   1054 |     42 |    231 |    485 |   2 |  548.0 |
       Ossuary |    496 |    496 |      0 |     63 |    219 |   1 |  496.0 |
               +--------+--------+--------+--------+--------+-----+--------+

Top non-repeatable levels by time:
     D:2: 1495 daAuts
     D:6: 1296 daAuts
     D:4: 1144 daAuts
  Lair:1: 1042 daAuts
     D:1: 923 daAuts
     D:5: 907 daAuts
    D:10: 881 daAuts
     D:8: 830 daAuts
     D:7: 804 daAuts
     D:3: 779 daAuts
     D:9: 767 daAuts
 Ossuary: 496 daAuts
  Lair:2: 53 daAuts
  Temple: 39 daAuts
